 Dungeon Crawl Stone Soup version 0.29.1-1-gd02db6906a (webtiles) character file.

Game seed: 8803515905514124901

193 Demigod47 the Cudgeller (level 5, 0/45 (46) HPs)
             Began as a Minotaur Fighter on Oct 14, 2022.
             Slain by a goblin
             ... wielding a +0 club
             ... led by Robin
              (2 damage)
             ... on level 4 of the Dungeon.
             The game lasted 00:03:16 (2540 turns).

Demigod47 the Cudgeller (Minotaur Fighter)          Turns: 2540, Time: 00:03:16

HP:   0/45 (46)     AC:  7    Str: 23    XL:     5   Next: 44%
MP:   4/4           EV:  9    Int:  5    God:
Gold: 94            SH:  9    Dex:  9    Spells: 4/4 levels left

rFire   . . .      SeeInvis .   a - +0 flail
rCold   . . .      Faith    .   c - +0 buckler
rNeg    . . .      Spirit   .   b - +0 scale mail
rPois   .          Reflect  +   (helmet restricted)
rElec   .          Harm     .   (no cloak)
rCorr   .          Rampage  .   (no gloves)
Will    .....                   (no boots)
Stlth   ..........              g - amulet of reflection
HPRegen 0.15/turn               (no ring)
MPRegen 0.09/turn               (no ring)

@: brilliant, flying, lightly drained
A: horns 2, retaliatory headbutt
a: no special abilities


You were on level 4 of the Dungeon.
You visited 1 branch of the dungeon, and saw 4 of its levels.

You collected 94 gold pieces.

Inventory:

Hand Weapons
 a - a +0 flail (weapon)
Armour
 b - a +0 scale mail (worn)
 c - a +0 buckler (worn)
Jewellery
 f - an amulet of faith
 g - an amulet of reflection (around neck)
Scrolls
 e - 2 scrolls of identify {unknown}
 h - a scroll of acquirement {unknown}
 j - 3 scrolls of teleportation {unknown}
 l - a scroll of enchant armour {unknown}
Potions
 d - a potion of might


   Skills:
 + Level 4.2 Fighting
 * Level 5.2 Maces & Flails
 + Level 4.7 Armour
 + Level 0.7 Dodging
 + Level 0.2 Stealth
 + Level 4.1 Shields


You had 4 spell levels left.
You didn't know any spells.
Your spell library contained the following spells:

 Spells                   Type           Power      Damage    Failure   Level
 Magic Dart               Conj           0%         1d3       86%         1
 Searing Ray              Conj           0%         2d4       95%         2
 Fulminant Prism          Conj/Hex       0%         3d6       100%        4


Dungeon Overview and Level Annotations

Branches:
Dungeon (4/15)
 Temple: D:4-7

Altars:
Zin

Shops:
D:2 (

Annotations:
D:4 Robin


Innate Abilities, Weirdness & Mutations

You have a pair of horns on your head.
You reflexively headbutt those who attack you in melee.


Message History

The hobgoblin barely misses you. You furiously retaliate!
You headbutt the hobgoblin!
You kill the hobgoblin!
Robin attacks as you move away! You block Robin's attack.
The goblin hits you but does no damage.
You see here a +0 club.
Robin attacks as you move away! You block Robin's attack.
You block the goblin's attack. The goblin attacks as you move away!
The goblin hits you but does no damage. Robin attacks as you move away!
Robin hits you with a +0 short sword.
* * * LOW HITPOINT WARNING * * *
Robin says, "Kneel, worm!"
Robin roars a battlecry!
The goblin goes into a battle-frenzy!
The goblin hits you with a +0 club.
* * * LOW HITPOINT WARNING * * *
Robin throws the goblin at you! The goblin hits you with a +0 club.
* * * LOW HITPOINT WARNING * * *
There is an escape hatch in the floor here.
You block Robin's attack. The goblin hits you with a +0 club.
* * * LOW HITPOINT WARNING * * *
You slide downwards.
The hatch slams shut behind you.
Found 9 gold pieces.
It was a potion of flight.
You feel very buoyant.
You fly up into the air.
You block the goblin's attack. You block Robin's attack.
It was a potion of brilliance.
You feel clever all of a sudden. You block the goblin's attack.
You block Robin's attack.
You barely miss Robin. You headbutt Robin.
Robin is lightly wounded.
The goblin hits you but does no damage. You block Robin's attack.
You sock Robin!
Robin is almost dead.
Robin hits you but does no damage. The goblin hits you but does no damage.
You barely miss Robin. Your headbutt misses Robin.
Robin is almost dead.
The goblin hits you with a +0 club.
You die...

## .. #$
#. #.
#g######
#.@g...#
####......
#.#.# #


You could see Robin and a goblin (strong).

Vanquished Creatures
  A hound (D:2)
  Ijyb (D:3)
  6 adders (D:2)
  3 worms (D:2)
  2 dart slugs (D:1)
  6 ball pythons
  7 bats
  6 endoplasms
  2 giant cockroaches
  10 goblins
  7 hobgoblins
  2 jackals (D:3)
  3 frilled lizards
  6 kobolds
  8 rats
70 creatures vanquished.

Vanquished Creatures (others)
  A butterfly (D:3)
1 creature vanquished.

Grand Total: 71 creatures vanquished

Notes
Turn   | Place    | Note
-------+----------+-------------------------------------------
     0 | D:1      | Demigod47 the Minotaur Fighter began the quest for the Orb.
     0 | D:1      | Reached XP level 1. HP: 19/19 MP: 0/0
   232 | D:1      | Reached XP level 2. HP: 27/27 MP: 1/1
   245 | D:1      | Reached skill level 3 in Maces & Flails
  1095 | D:1      | Reached XP level 3. HP: 33/33 MP: 2/2
  1385 | D:2      | Reached skill level 4 in Maces & Flails
  1385 | D:2      | Reached XP level 4. HP: 32/40 MP: 3/3
  1588 | D:2      | Found Xeinud's Antique Weapon Boutique.
  1641 | D:2      | Found a glowing silver altar of Zin.
  1979 | D:2      | Reached XP level 5. HP: 42/46 MP: 4/4
  2054 | D:2      | Found a faded altar of an unknown god.
  2220 | D:3      | Noticed Ijyb
  2237 | D:3      | Killed Ijyb
  2238 | D:3      | Reached skill level 5 in Maces & Flails
  2502 | D:3      | Noticed Robin
  2534 | D:3      | HP: 1/45 [goblin/+0 club[Robin] (5)]
  2540 | D:4      | Slain by a goblin

Illustrated notes

Levels and vault maps discovered:
D:1:      dpeg_arrival_tiny_c, layout_basic
D:2:      minmay_skewed_foursquare, layout_basic,
          chequers_ecumenical_altar_simple, serial_shops, shop_statue,
          basic_altar
D:3:      layout_basic, nicolae_elyvilon_peaceful_grove, uniq_robin, uniq_ijyb
D:4:      layout_loops_ring, nicolae_kikubaaqudgha_miasma_corner,
          uniq_blork_the_orc, uniq_pikel

Skill      XL: |  1  2  3  4  5 |
---------------+----------------+-----
Maces & Flails | 3 4 5 |  5.2
Fighting       | 4 |  4.2
Shields        | 4 |  4.1
Armour         | 4 |  4.7
Dodging        | |  0.7
Stealth        | |  0.2

Action                   |  1- 3 |  4- 6 || total
-------------------------+-------+-------++-------
Melee: Flail             |    71 |    86 ||   157
       Headbutt          |     6 |    18 ||    24
  Use: Potion            |       |     2 ||     2
Armor: Scale mail        |    39 |    50 ||    89
Dodge: Dodged            |    37 |    42 ||    79
Block: Buckler           |    30 |    70 ||   100
       Reflection        |       |     3 ||     3
